 Dungeon Crawl Stone Soup version 0.14.0-26-g1682e81 (webtiles) character file.

115634 Bloax the Carver (level 16, -2/88 HPs)
             Began as a Vine Stalker Berserker on Apr 26, 2014.
             Was the Champion of Trog.
             Slain by Donald
             ... wielding a +2,+2 long sword
              (6 damage)
             ... on Level 4 of the Orcish Mines.
             The game lasted 01:44:43 (15732 turns).

Bloax the Carver (Vine Stalker Berserker)          Turns: 15732, Time: 01:44:44

HP  -2/88        AC 23     Str 23      XL: 16   Next: 28%
MP   0/30        EV 14     Int  4      God: Trog [******]
Gold 1942        SH  0     Dex 18      Spells:  0 memorised, 15 levels left

rFire  . . .     SeeInvis +     e - +1,+4 cutlass (vamp) {!w}
rCold  . . .     Clarity  .     k - +3 scale mail "Lynugado" {Int-3 Dam+4}
rNeg   + . .     Conserve .     (no shield)
rPois  .         rCorr    .     R - +0 helmet
rElec  .         rRot     +     L - +2 cloak {+Inv}
SustAb . .       Spirit   +     f - +2 pair of gloves
rMut   .         Warding  +     l - +2 pair of boots
Saprov . . .     Stasis   .     y - amulet of warding
MR     ++...                    E - ring of see invisible
                                t - +0,+4 ring of slaying

@: very resistant to hostile enchantments, fairly stealthy
A: fangs 3, regeneration 3, magic shield, antimagic bite, no device heal
a: Burn Spellbooks, Berserk, Trog's Hand, Brothers in Arms, Renounce Religion,
Evoke Invisibility
}: 1/15 runes: decaying


You were on level 4 of the Orcish Mines.
You worshipped Trog.
Trog was exalted by your worship.
You were not hungry.

You visited 4 branches of the dungeon, and saw 30 of its levels.
You also visited: Volcano.

You collected 2669 gold pieces.
You spent 727 gold pieces at shops.


Innate Abilities, Weirdness & Mutations

You are immune to rotting.
You have razor-sharp teeth.
You regenerate.
When hurt, damage is shared between your health and your magic reserves.
Your bite disrupts and absorbs the magic of your enemies.
Potions and wands cannot restore your HP.


   Skills:
 + Level 11.4 Fighting
 - Level 12.0 Short Blades
 + Level 14.6 Long Blades
 - Level 9.5 Armour
 + Level 9.0 Dodging
 - Level 7.1 Stealth
 - Level 9.7 Evocations


You had 15 spell levels left.
You didn't know any spells.

Dungeon Overview and Level Annotations

Branches:
Dungeon (13/15)            Temple (0/1) D:5             Orc (4/4) D:9
    Elf (0/3) Orc:4          Lair (8/8) D:8           Swamp (5/5) Lair:5
  Snake (0/5) Lair:5       Vaults (0/5) D:13
  Slime: Lair:6-8

Altars:
Ashenzari
Fedhas
Makhleb
Nemelex Xobeh
Okawaru
Sif Muna

Shops:
D:5 (   D:6 (   D:10 *   Orc:1 (   Orc:3 ?

Annotations:
Orc:4 Donald, Snorg
Lair:7 teleloot

Inventory:

Hand weapons
 d - a +0,+7 great sword of holy wrath
   (Trog gifted it to you on level 2 of the Orcish Mines)
 e - a +1,+4 vampiric cutlass (weapon) {!w}
   (Trog gifted it to you on level 3 of the Orcish Mines)
 s - a +0,+5 short sword of electrocution
   (Trog gifted it to you on level 2 of the Swamp)
 v - a +0,+5 cutlass of flaming
   (Trog gifted it to you on level 4 of the Lair of Beasts)
 C - the +9,+9 long sword "Pubenur" {antimagic, +Inv rElec MR+ SInv}
   (You bought it in a shop on level 6 of the Dungeon)

   It disrupts the flow of magical energy around spellcasters and certain
   magical creatures (including the wielder).
   It insulates you from electricity.
   It affects your resistance to hostile enchantments.
   It enhances your eyesight.
   It lets you turn invisible.
 T - a +2,+7 anti-magic claymore
   (Trog gifted it to you on level 6 of the Lair of Beasts)
Armour
 f - a +2 pair of gloves (worn)
   (You found it on level 10 of the Dungeon)
 k - the +3 scale mail "Lynugado" (worn) {Int-3 Dam+4}
   (You found it on level 2 of the Lair of Beasts)

   It affects your intelligence (-3).
   It affects your damage with ranged weapons and melee attacks (+4).
 l - a +2 pair of boots (worn)
   (You found it on level 2 of the Dungeon)
 L - a +2 cloak of darkness (worn)
   (You took it off Nikola on level 5 of the Swamp)
 R - a +0 helmet (worn)
   (You found it on level 2 of the Lair of Beasts)
Magical devices
 b - a wand of digging (13)
   (You found it on level 2 of the Swamp)
 h - a wand of disintegration (8)
   (You found it on level 3 of the Lair of Beasts)
 m - a wand of lightning (6)
   (You found it on level 8 of the Lair of Beasts)
 w - a wand of cold (10)
   (You found it on level 2 of the Lair of Beasts)
 Q - a wand of disintegration (15)
   (You found it on level 8 of the Lair of Beasts)
Comestibles
 c - 10 bread rations
 I - 9 snozzcumbers {A massive snozz victory}
 K - 3 meat rations
Scrolls
 x - a scroll of holy word
 B - a scroll of magic mapping
 G - 3 scrolls of recharging
 J - 8 scrolls of teleportation
 N - a scroll of fog
 U - a scroll of fear
Jewellery
 t - a +0,+4 ring of slaying (left hand)
   (You found it on level 3 of the Dungeon)
 u - an uncursed ring of sustain abilities
   (You found it on level 8 of the Lair of Beasts)
 y - an amulet of warding (around neck)
   (You found it on level 11 of the Dungeon)
 E - a ring of see invisible (right hand)
   (You found it on level 1 of the Lair of Beasts)
 F - a cursed ring of teleportation
   (You found it on level 1 of the Swamp)
 M - an uncursed ring of protection from cold
   (You found it on level 9 of the Dungeon)
 S - an uncursed ring of poison resistance
   (You found it on level 7 of the Lair of Beasts)
 Y - the ring "Psufav" {+Blink +Fly rN+}
   (You found it on level 8 of the Lair of Beasts)

   [ring of positive energy]

   It lets you fly.
   It lets you blink.
Potions
 a - 2 potions of invisibility
 g - 2 potions of agility
 i - 9 potions of curing
 j - 2 potions of flight
 o - a potion of lignification {!q}
 p - a potion of haste
 q - 3 potions of might
 r - 5 potions of restore abilities
 z - 2 potions of brilliance
 O - a potion of resistance
 P - 2 potions of berserk rage
Books
 A - a book of Enchantments
   (You found it on level 12 of the Dungeon)

   Spells                             Type                      Level
   Cause Fear                         Hexes                        4
   Silence                            Hexes/Air                    5
   Tukima's Dance                     Hexes                        5
   Deflect Missiles                   Charms/Air                   6
   Haste                              Charms                       6
   Discord                            Hexes                        8
   Trog disapproves of the use of such an item.
 W - a book of War Chants
   (You found it on level 8 of the Lair of Beasts)

   Spells                             Type                      Level
   Fire Brand                         Charms/Fire                  2
   Freezing Aura                      Charms/Ice                   2
   Shroud of Golubria                 Charms/Translocation         2
   Repel Missiles                     Charms/Air                   2
   Poison Weapon                      Charms/Poison                3
   Regeneration                       Charms/Necromancy            3
   Trog disapproves of the use of such an item.
Rods
 n - a +1 rod of ignition (13/13) {!a}
   (You found it on level 12 of the Dungeon)

..#............).#...#
.................#...##
........<..............#
.......>................#
..................###....
...........#.......# #..
........)............
#.##.....@..#.........
#.#..To@.#.......##
#.$...#C..#.......#
##.........#.#..
##............
...............
...............
#............ #.#........
..##.....


You could see Snorg (berserk), Donald, an orc priest and a friendly stone giant
(berserk).


Message History

You kill the orc wizard!
Trog accepts your kill.
Trog appreciates your killing of a magic user.
The orc priest becomes somewhat translucent.
Things that are here:
a dagger; a robe The orc hits you but does no damage.
You slash the orc!
You kill the orc!
Trog accepts your kill.
You slice Snorg!!
Snorg is moderately wounded.
Snorg goes berserk!
Snorg bites you. Snorg claws you but does no damage.
Snorg claws you but does no damage.
Unknown command.
You puncture Snorg!
You feel better.
You bite Snorg!! You drain his power.
Snorg is heavily wounded.
Snorg closely misses you. x2
Snorg barely misses you.
You hit Snorg.
Snorg is heavily wounded.
Snorg bites you! Snorg claws you! Snorg barely misses you.
You puncture Snorg!
You feel better.
Snorg is heavily wounded.
Donald hits you but does no damage.
Unknown command.
You closely miss Snorg. You bite Snorg! You drain his power.
You feel invigorated.
Snorg is heavily wounded.
Snorg bites you! Snorg claws you but does no damage. Snorg claws you!
The orc priest barely misses you.
You closely miss Snorg.
Snorg is heavily wounded.
Snorg bites you but does no damage. Snorg misses you. Snorg claws you!
* * * LOW HITPOINT WARNING * * *
Donald hits you with a long sword!
* * * LOW HITPOINT WARNING * * *
Unknown command.
The orc priest misses you. Snorg bites you!
* * * LOW HITPOINT WARNING * * *
Snorg claws you but does no damage. Snorg claws you!
* * * LOW HITPOINT WARNING * * *
Unknown command.
Read which item? (? for menu, Esc to quit)
Okay, then.
Evoke which item? (* to show all) (? for menu, Esc to quit)
Okay, then.
Use which ability? (? or * to list)
Your stone giant goes berserk!
You feel somewhat more hungry.
Donald hits your stone giant with a long sword!
The orc priest hits you but does no damage.
Snorg bites you!
* * * LOW HITPOINT WARNING * * *
Snorg barely misses you. Snorg claws you but does no damage.
Donald hits your stone giant with a long sword!
The orc priest completely misses you.
Your stone giant hits the orc priest.
Snorg closely misses you. Snorg claws you but does no damage. Snorg claws you.
* * * LOW HITPOINT WARNING * * *
Unknown command.
Read which item? (? for menu, Esc to quit)
Okay, then.
Evoke which item? (* to show all) (? for menu, Esc to quit)
Okay, then.
Your stone giant hits Snorg!
The orc priest hits you with a hand axe.
* * * LOW HITPOINT WARNING * * *
Snorg bites your stone giant! Snorg claws your stone giant!
Snorg claws your stone giant. Donald hits you with a long sword!
You die...

Action                   |  1- 3 |  4- 6 |  7- 9 | 10-12 | 13-15 | 16-18 || total
-------------------------+-------+-------+-------+-------+-------+-------++-------
Melee: Dagger            |    59 |   102 |   232 |   125 |     5 |       ||   523
       Short sword       |     7 |       |       |   639 |  1124 |   296 ||  2066
       Long sword        |       |       |     6 |     2 |    21 |       ||    29
       Falchion          |       |       |       |     4 |       |       ||     4
       Cutlass           |       |       |       |     4 |    76 |    63 ||   143
       Unarmed           |       |       |       |       |    12 |       ||    12
       Claymore          |       |       |       |       |     5 |       ||     5
Invok: Berserk           |       |     1 |     1 |     3 |     1 |       ||     6
       Trog's Hand       |       |       |       |     1 |     8 |     1 ||    10
       Burn Spellbooks   |       |       |       |       |     4 |     3 ||     7
       Brothers in Arms  |       |       |       |       |     1 |     1 ||     2
 Abil: Evoke Flight      |       |       |       |       |     8 |       ||     8
       Stop Flying       |       |       |       |       |     4 |       ||     4
       Evoke Invisibilit |       |       |       |       |     3 |       ||     3
       Evoke Blink       |       |       |       |       |     2 |       ||     2
Evoke: Wand              |       |       |     6 |     5 |    15 |     2 ||    28
       Rod               |       |       |       |       |       |     1 ||     1
  Use: Scroll            |       |     4 |     9 |    10 |    21 |     4 ||    48
       Potion            |       |       |       |     1 |     4 |       ||     5
 Stab: Sleeping          |       |       |     1 |     7 |     7 |     1 ||    16
       Confused          |       |       |       |       |     1 |       ||     1
       Distracted        |       |       |       |       |       |     2 ||     2

Vault maps used:
D:1:      ncdulo_wetmaze, minmay_misc_feat_x, minmay_misc_feat_room
D:2:      lemuel_crystal_altar
D:3:      uniq_natasha
D:4:      first_bread, uniq_duvessa, uniq_crazy_yiuf_cottage
D:5:      kennysheep_steamy, temple_statues, serial_shops, kennysheep_mini_moat
D:6:      lemuel_blue_sif_altar, serial_glass, glass_columns_a, glass_columns_c,
          serial_shops, shop
D:7:      old_standard_altar, general_overflow_altar
D:8:      david_lair_shrubbed, hangedman_ranch, minmay_misc_feat_diagonals,
          roderic_roman_lattice
D:9:      grunt_temple_overflow_open, lemuel_coloured_pillars_altar,
          hiddenorc2_lemuel, grunt_decor_mini_mirrors
D:10:     serial_shops, shop
D:12:     evilmike_library_of_no_secrets
D:13:     hangedman_vaults_entry_quadrant_bands
Orc:1:    serial_shops, shop
Orc:2:    uniq_fannar
Orc:3:    serial_shops, nicolae_shop_behind_doors, nicolae_orc_pool_cavern,
          uniq_josephine
Orc:4:    st_orc_open, uniq_nessos, uniq_erolcha, uniq_snorg, uniq_maurice,
          uniq_psyche, uniq_donald
Lair:2:   enter_volcano_2, basic_altar, fungi_pond_lemuel, serial_bayou_shore_b
Lair:3:   roderic_carrion_pond, serial_bayou_shore_a
Lair:5:   minmay_swamp_entry_worms, guppyfry_snake_entry_garden
Lair:6:   guppyfry_snake_entry_island
Lair:7:   slime_altar_2, baited_tele_trap, infiniplex_staircase_pool_2,
          lemuel_fruit_tree
Lair:8:   grunt_lair_end_beastmaster
Swamp:1:  evilmike_swamp_ruin_house_1, swamp_pool2
Swamp:2:  evilmike_swamp_ruin_house_3, swamp_pool3
Swamp:3:  evilmike_swamp_ruin_rubble_1, swamp_pool4
Swamp:4:  basic_altar
Swamp:5:  swamp_old_school, uniq_nikola
Volcano:  volcano_lake

Notes
Turn   | Place    | Note
--------------------------------------------------------------
     0 | D:1      | Bloax, the Vine Stalker Berserker, began the quest for the Orb.
     0 | D:1      | Reached XP level 1. HP: 11/11 MP: 1/1
   149 | D:1      | Reached skill level 3 in Short Blades
   149 | D:1      | Reached XP level 2. HP: 10/16 MP: 3/3
   194 | D:1      | Reached skill level 3 in Fighting
   375 | D:2      | Found a shattered altar of Ashenzari.
   388 | D:2      | Acquired Trog's second power
   388 | D:2      | Reached XP level 3. HP: 18/20 MP: 4/4
   573 | D:3      | Noticed Natasha
   578 | D:3      | Killed Natasha
   578 | D:3      | Reached XP level 4. HP: 22/24 MP: 5/5
   583 | D:3      | Reached skill level 4 in Short Blades
   754 | D:3      | Noticed Natasha
   765 | D:3      | HP: 9/36 [Natasha/wand of magic darts (1)]
   766 | D:3      | Killed Natasha
   903 | D:3      | Noticed Natasha
   905 | D:3      | Killed Natasha
   933 | D:4      | Reached XP level 5. HP: 29/29 MP: 7/7
   958 | D:4      | Noticed Duvessa
   958 | D:4      | Noticed Dowan
   974 | D:4      | Killed Dowan
   974 | D:4      | Reached skill level 4 in Fighting
   975 | D:4      | Killed Duvessa
   975 | D:4      | Reached skill level 5 in Short Blades
   975 | D:4      | Gained mutation: You heal very quickly. [vine stalker growth]
   975 | D:4      | Reached XP level 6. HP: 28/33 MP: 8/8
  1188 | D:4      | Reached skill level 6 in Short Blades
  1188 | D:4      | Reached XP level 7. HP: 35/38 MP: 9/9
  1378 | D:4      | Acquired Trog's third power
  1511 | D:4      | Noticed Crazy Yiuf
  1518 | D:4      | Killed Crazy Yiuf
  1518 | D:4      | Reached skill level 1 in Evocations
  1567 | D:5      | Entered Level 5 of the Dungeon
  1691 | D:5      | Noticed a steam dragon
  1692 | D:5      | Noticed a steam dragon
  1700 | D:5      | Killed a steam dragon
  1702 | D:5      | Killed a steam dragon
  1702 | D:5      | Reached skill level 7 in Short Blades
  1702 | D:5      | Reached skill level 2 in Evocations
  1777 | D:5      | Gained mutation: You have razor-sharp teeth. [vine stalker growth]
  1777 | D:5      | Reached XP level 8. HP: 13/42 MP: 4/14
  1786 | D:5      | Found a staircase to the Ecumenical Temple.
  1903 | D:5      | Found Masch's Weapon Boutique.
  1939 | D:5      | Reached skill level 3 in Evocations
  2064 | D:6      | Reached skill level 8 in Short Blades
  2105 | D:6      | Reached skill level 4 in Evocations
  2111 | D:6      | Found Cohariqa's Antique Weapon Shoppe.
  2159 | D:6      | Found a deep blue altar of Sif Muna.
  2238 | D:6      | Reached XP level 9. HP: 24/46 MP: 18/18
  2542 | D:6      | Bought a jewelled long sword for 238 gold pieces
  2543 | D:6      | Identified the +9,+9 long sword "Pubenur" {antimagic, +Inv rElec MR+ SInv} (You bought it in a shop on level 6 of the Dungeon)
  2632 | D:7      | Reached skill level 1 in Long Blades
  2685 | D:7      | Found an iron altar of Okawaru.
  2702 | D:7      | Reached skill level 2 in Long Blades
  2939 | D:7      | Reached skill level 5 in Fighting
  2939 | D:7      | Reached skill level 3 in Long Blades
  2976 | D:7      | Reached skill level 4 in Long Blades
  3177 | D:8      | Reached skill level 5 in Long Blades
  3225 | D:8      | Reached skill level 6 in Long Blades
  3234 | D:8      | Paralysed by a giant eyeball for 2 turns
  3352 | D:8      | Reached skill level 7 in Long Blades
  3401 | D:8      | Reached skill level 9 in Short Blades
  3512 | D:8      | Reached skill level 8 in Long Blades
  3530 | D:8      | Reached XP level 10. HP: 26/53 MP: 12/20
  3550 | D:8      | Reached skill level 9 in Long Blades
  3556 | D:8      | Received a gift from Trog
  3607 | D:8      | Noticed a three-headed hydra
  3620 | D:8      | Killed a hydra
  3694 | D:9      | Found a blossoming altar of Fedhas.
  3711 | D:9      | Found a sparkling altar of Nemelex Xobeh.
  3763 | D:9      | Reached skill level 10 in Long Blades
  3781 | D:9      | Reached skill level 10 in Short Blades
  4035 | D:10     | Entered Level 10 of the Dungeon
  4138 | D:10     | Received a gift from Trog
  4159 | D:10     | Noticed a hill giant
  4172 | D:10     | Killed a hill giant
  4387 | D:10     | Found Sashyramp's Assorted Antiques.
  4405 | D:10     | Bought a pitted ring mail for 252 gold pieces
  4417 | D:10     | Identified the +3 ring mail of Watchfulness {rElec SInv Curse} (You bought it in a shop on level 10 of the Dungeon)
  4450 | D:11     | Paralysed by a giant eyeball for 2 turns
  4468 | D:11     | Reached skill level 5 in Evocations
  4469 | D:11     | Paralysed by a giant eyeball for 3 turns
  4557 | D:11     | Noticed a cyclops
  4580 | D:11     | HP: 12/53 [cyclops (12)]
  4581 | D:11     | Killed a cyclops
  4581 | D:11     | Reached skill level 2 in Dodging
  4581 | D:11     | Reached XP level 11. HP: 12/56 MP: 11/21
  4880 | D:11     | Reached skill level 11 in Short Blades
  4884 | D:11     | Reached skill level 3 in Dodging
  5328 | D:10     | Reached skill level 6 in Evocations
  5504 | D:8      | Paralysed by a giant eyeball for 4 turns
  5510 | D:8      | Paralysed by a giant eyeball for 2 turns
  5607 | D:8      | Found a staircase to the Lair.
  5608 | D:8      | Noticed a komodo dragon
  5624 | D:8      | Killed a komodo dragon
  5629 | Lair:1   | Entered Level 1 of the Lair of Beasts
  5779 | Lair:1   | Reached skill level 1 in Stealth
  5878 | Lair:2   | Reached skill level 2 in Stealth
  5927 | Lair:2   | Found a burning altar of Makhleb.
  5964 | Lair:2   | Found a dark tunnel.
  5972 | Volcano  | Entered a volcano
  6030 | Volcano  | Found a burning altar of Makhleb.
  6030 | Volcano  | Noticed a lindwurm
  6045 | Volcano  | Reached skill level 3 in Stealth
  6050 | Volcano  | Killed a lindwurm
  6050 | Volcano  | Reached skill level 4 in Dodging
  6092 | Volcano  | Reached skill level 4 in Stealth
  6125 | Volcano  | HP: 21/84 [molten gargoyle/runed mace (8)]
  6225 | Volcano  | Reached skill level 5 in Stealth
  6342 | Lair:2   | Got a jewelled scale mail
  6355 | Lair:2   | Identified the +3 scale mail "Lynugado" {Int-3 Dam+4} (You found it on level 2 of the Lair of Beasts)
  6396 | Lair:3   | Reached skill level 2 in Armour
  6412 | Lair:3   | Gained mutation: You regenerate. [vine stalker growth]
  6412 | Lair:3   | Reached XP level 12. HP: 56/60 MP: 23/23
  6422 | Lair:3   | Reached skill level 6 in Stealth
  6432 | Lair:3   | Received a gift from Trog
  6465 | Lair:3   | Reached skill level 3 in Armour
  6550 | Lair:3   | Reached skill level 12 in Short Blades
  6550 | Lair:3   | Reached skill level 7 in Stealth
  6663 | Lair:3   | Reached skill level 6 in Fighting
  6747 | Lair:4   | Received a gift from Trog
  6977 | Lair:4   | Reached skill level 4 in Armour
  7170 | Lair:5   | Reached skill level 7 in Fighting
  7235 | Lair:6   | Reached skill level 5 in Armour
  7323 | Lair:6   | Found a staircase to the Snake Pit.
  7354 | Lair:6   | the staircase to the Snake Pit was a mimic.
  7596 | Lair:6   | Received a gift from Trog
  7727 | Lair:7   | Reached skill level 8 in Fighting
  7736 | Lair:7   | Reached skill level 6 in Armour
  7826 | Lair:7   | Noticed a seven-headed hydra
  7834 | Lair:7   | Killed a four-headed hydra
  7834 | Lair:7   | Reached XP level 13. HP: 58/69 MP: 24/24
  7845 | Lair:7   | Got a bone cutlass
  7846 | Lair:7   | Identified the cursed -2,+4 cutlass of the Thirteen Spirits {freeze, rC+ Str+1} (You found it on level 7 of the Lair of Beasts)
  7936 | Lair:8   | Entered Level 8 of the Lair of Beasts
  7973 | Lair:8   | Reached skill level 7 in Armour
  7987 | Lair:8   | Reached skill level 9 in Fighting
  8092 | Lair:8   | Got a transparent leather armour
  8103 | Lair:8   | Identified the +0 leather armour of Polytheism {Str+2 Int+1} (You found it on level 8 of the Lair of Beasts)
  8154 | Lair:8   | Received a gift from Trog
  8155 | Lair:8   | trog
  8155 | Lair:8   | what are you
  8471 | Lair:8   | Reached skill level 10 in Fighting
  8471 | Lair:8   | Reached skill level 8 in Armour
  8662 | Lair:8   | Reached skill level 11 in Long Blades
  8787 | Lair:8   | Reached skill level 12 in Long Blades
  8793 | Lair:8   | Reached skill level 9 in Armour
  8823 | Lair:8   | Got a flickering brass ring
  8835 | Lair:8   | Identified the Compendium of Protection and Execration (You found it on level 8 of the Lair of Beasts)
  8863 | Lair:8   | Reached XP level 14. HP: 75/77 MP: 25/25
  8864 | Lair:8   | Received a gift from Trog
  8988 | Lair:7   | Noticed an acid blob
  9285 | Lair:6   | Identified the ring "Psufav" {+Blink +Fly rN+} (You found it on level 8 of the Lair of Beasts)
  9536 | Lair:5   | Found a staircase to the Snake Pit.
  9650 | Lair:5   | Gained mutation: You can translocate small distances at will. [potion of mutation]
  9650 | Lair:5   | Gained mutation: Your body is slowly deteriorating. [potion of mutation]
  9695 | Lair:5   | Lost mutation: You can translocate small distances at will. [potion of cure mutation]
  9695 | Lair:5   | Lost mutation: Your body is slowly deteriorating. [potion of cure mutation]
  9748 | Lair:5   | Found a staircase to the Swamp.
  9839 | Swamp:1  | Entered Level 1 of the Swamp
 10102 | Swamp:2  | Reached skill level 5 in Dodging
 10122 | Swamp:2  | Received a gift from Trog
 10358 | Swamp:3  | Reached skill level 7 in Evocations
 10419 | Swamp:4  | HP: 15/77 [thorn lotus/volley of thorns (16)]
 10477 | Swamp:5  | Entered Level 5 of the Swamp
 10521 | Swamp:5  | Noticed a thorn hunter
 10524 | Swamp:5  | Noticed Nikola
 10539 | Swamp:5  | Killed a thorn hunter
 10549 | Swamp:5  | Killed Nikola
 10549 | Swamp:5  | Reached skill level 13 in Long Blades
 10619 | Swamp:5  | Reached skill level 6 in Dodging
 10634 | Swamp:5  | Noticed ketsa's ghost (mighty SpEn)
 10640 | Swamp:5  | Reached skill level 8 in Evocations
 10686 | Swamp:5  | Killed ketsa's ghost
 10696 | Swamp:5  | Reached XP level 15. HP: 54/80 MP: 27/28
 10725 | Swamp:5  | HP: 20/80 [six-headed hydra (7)]
 10735 | Swamp:5  | HP: 14/80 [swamp drake (2)]
 10745 | Swamp:5  | HP: 19/80 [swamp dragon (2)]
 10747 | Swamp:5  | Reached skill level 7 in Dodging
 10754 | Swamp:5  | Reached skill level 9 in Evocations
 10852 | Swamp:5  | Noticed the 27-headed Lernaean hydra
 10857 | Swamp:5  | Noticed a thorn hunter
 10868 | Swamp:5  | HP: 18/80 [thorn hunter (5)]
 10870 | Swamp:5  | Killed a thorn hunter
 11031 | Swamp:5  | Killed the 25-headed Lernaean hydra
 11061 | Swamp:5  | Got a decaying rune of Zot
 11233 | Swamp:2  | Received a gift from Trog
 11824 | Lair:2   | Noticed an eight-headed hydra
 11835 | Lair:2   | Killed a four-headed hydra
 11844 | Lair:2   | Reached skill level 14 in Long Blades
 11990 | Lair:2   | Reached skill level 8 in Dodging
 12484 | D:12     | Noticed a hill giant
 12494 | D:12     | Killed a hill giant
 12503 | D:12     | Received a gift from Trog
 12970 | D:13     | Paralysed by a giant eyeball for 3 turns
 13146 | D:13     | Found a gate to the Vaults.
 13319 | D:12     | Noticed a vampire mage
 13338 | D:12     | Killed a vampire mage
 13386 | D:12     | Identified the Guide on Hurtful Heat (You found it on level 12 of the Dungeon)
 13410 | D:12     | Found a deep blue altar of Sif Muna.
 13422 | D:12     | Reached XP level 16. HP: 76/86 MP: 30/30
 13459 | D:12     | Identified Sadew's Papyrus of Aerial Dark Arts (You found it on level 12 of the Dungeon)
 13463 | D:12     | Received a gift from Trog
 13552 | D:12     | Identified a +1 rod of ignition (13/13) (You found it on level 12 of the Dungeon)
 13591 | D:12     | Noticed a deep elf sorcerer
 13605 | D:12     | Killed a deep elf sorcerer
 13605 | D:12     | Reached skill level 11 in Fighting
 13631 | D:12     | Identified the Incunabulum of Feathery Black Magic (You found it on level 12 of the Dungeon)
 13647 | D:12     | Identified the Almanac of Arcane Weapons (You found it on level 12 of the Dungeon)
 13650 | D:12     | Identified Iskenderun's Reference Book on Conjuration (You found it on level 12 of the Dungeon)
 13657 | D:12     | Identified a +0 rod of clouds (12/12) (You found it on level 12 of the Dungeon)
 13664 | D:12     | Identified a +0 rod of clouds (13/13) (You found it on level 12 of the Dungeon)
 14000 | D:9      | Found a staircase to the Orcish Mines.
 14073 | D:9      | Received a gift from Trog
 14123 | Orc:1    | Entered Level 1 of the Orcish Mines
 14129 | Orc:1    | Found Kluxit's Weapon Shoppe.
 14504 | Orc:2    | Noticed Fannar
 14527 | Orc:2    | Killed Fannar
 14559 | Orc:2    | Received a gift from Trog
 14935 | Orc:3    | Noticed Josephine
 14948 | Orc:3    | Killed Josephine
 14956 | Orc:3    | Reached skill level 9 in Dodging
 15114 | Orc:3    | Found Erphamm's Magic Scroll Shop.
 15220 | Orc:3    | Received a gift from Trog
 15621 | Orc:3    | Bought a scroll of enchant weapon I for 59 gold pieces
 15621 | Orc:3    | Bought a scroll of enchant weapon II for 93 gold pieces
 15621 | Orc:3    | Bought a scroll of teleportation for 51 gold pieces
 15621 | Orc:3    | Bought a scroll of fog for 34 gold pieces
 15637 | Orc:4    | Entered Level 4 of the Orcish Mines
 15642 | Orc:4    | Noticed Maurice
 15645 | Orc:4    | Found a staircase to the Elven Halls.
 15655 | Orc:4    | Killed Maurice
 15718 | Orc:4    | Noticed Snorg
 15718 | Orc:4    | Noticed Donald
 15729 | Orc:4    | HP: 15/88 [Snorg (12)]
 15730 | Orc:4    | HP: 7/88 [Snorg (8)]
 15732 | Orc:4    | Slain by Donald

Vanquished Creatures
  the Lernaean hydra (Swamp:5)
  Nikola (Swamp:5)
  The ghost of ketsa the Unseen, a mighty SpEn of Dithmenos (Swamp:5)
  2 thorn hunters (Swamp:5)
  A deep elf sorcerer (D:12)
  2 rakshasas (D:13)
  Josephine (Orc:3)
  Fannar (Orc:2)
  17 hydras
  A ravenous item mimic (Lair:8)
  2 alligators
  7 death yaks (Lair:8)
  A shambling mangrove (Swamp:2)
  A vampire mage (D:12)
  An orc high priest (Orc:3)
  A deep troll shaman (Lair:8)
  A catoblepas (Lair:8)
  A deep elf knight (D:13)
  A skeletal warrior (D:13)
  A spriggan druid (Swamp:4)
  8 swamp dragons (Swamp:5)
  2 lindwurms
  4 orc sorcerers
  3 hill giants
  2 orc knights
  A griffon (Lair:4)
  A cyclops (D:11)
  A manticore (D:13)
  3 naga magi (D:12)
  12 spiny frogs
  Maurice (Orc:4)
  2 molten gargoyles (Volcano)
  11 elephants
  6 black mambas
  A feature mimic (Lair:6)
  An efreet (D:13)
  A fire drake (Volcano)
  5 yaktaurs (D:13)
  6 komodo dragons
  5 trolls
  A centaur skeleton (D:13)
  4 giant fireflies
  5 slime creatures (Swamp:2)
  A hydra skeleton (D:12)
  18 blink frogs
  5 bog bodies
  2 grizzly bears (Lair:8)
  5 ravens
  4 giant leeches
  3 ugly things (D:11)
  4 wandering mushrooms (Lair:2)
  4 spriggans
  A griffon skeleton (D:13)
  8 deep elf magi
  A shark (Lair:7)
  A wraith (D:13)
  11 fire bats (Volcano)
  A wyvern (Lair:6)
  8 hippogriffs
  An elephant slug (Lair:8)
  30 yaks
  5 nagas
  5 vampire mosquitoes
  2 hill giant skeletons
  3 steam dragons
  A mottled dragon (D:11)
  9 wolves
  7 swamp worms
  8 swamp drakes
  14 water moccasins
  2 ice beasts
  5 necrophages (Lair:3)
  A yellow wasp (D:10)
  4 sky beasts
  6 ogres
  A manticore zombie (D:10)
  A black bear (Lair:8)
  7 porcupines
  2 boring beetles
  A giant goldfish (Swamp:5)
  11 crocodiles
  A lava worm (D:13)
  18 orc warriors
  5 centaurs
  Duvessa (D:4)
  12 giant frogs
  4 giant slugs
  4 big kobolds
  13 insubstantial wisps
  A wyvern skeleton (D:13)
  6 scorpions
  10 killer bees
  8 wights (D:13)
  A goliath beetle (D:13)
  5 electric eels
  5 crimson imps
  A lava snake (Volcano)
  A centaur zombie (D:6)
  A giant frog zombie (D:10)
  3 jellies
  Dowan (D:4)
  A gnoll shaman (D:7)
  A big fish (Lair:7)
  Crazy Yiuf (D:4)
  An elf zombie (D:9)
  23 orc priests
  A giant frog skeleton (D:9)
  11 hounds
  Natasha (thrice) (D:3)
  4 iguanas
  14 sheep
  36 orc wizards
  7 worker ants
  5 gnolls (D:7)
  A worker ant zombie (D:8)
  16 adders
  3 orc zombies (Orc:3)
  3 shadow imps
  44 green rats
  A giant mite (Lair:7)
  5 worms
  4 giant eyeballs
  147 orcs
  23 bats
  A bat skeleton (D:5)
  7 giant cockroaches
  12 hobgoblins
  13 kobolds
  5 giant geckos
  5 giant newts
  2 giant spores
  8 goblins
  25 jackals
  An orc simulacrum (Orc:3)
  2 orc skeletons (Orc:3)
  6 quokkas
  18 rats
  A rat skeleton (D:5)
  7 ballistomycetes (D:10)
  A briar patch (Swamp:5)
  3 fungi
  2 plants (Lair:8)
909 creatures vanquished.

Vanquished Creatures (others)
  A death yak (Lair:8)
  A scorpion (D:13)
  An orc wizard (D:12)
  4 fungi
  2 plants
9 creatures vanquished.

Grand Total: 918 creatures vanquished
